[Event "Early-Titled-Tuesday-Blitz-August-29-2023"]
[Site "Chess.com"]
[Date "2023.08.29"]
[Round "9"]
[White "Vaibhavraut99"]
[Black "Haykoooo0o"]
[Result "1-0"]
[WhiteElo "2580"]
[BlackElo "2450"]
[TimeControl "180+1"]
[EndTime "9:42:45 PDT"]
[Termination "Vaibhavraut99 won by resignation"]

1. Nf3 Nf6 2. g3 c6 3. Bg2 d5 4. O-O Bg4 5. d3 Qc8 6. Re1 Nbd7 7. e4 e6 8. Nc3 Bb4 9. Bd2 O-O 10. h3 Bh5 11. g4 Bg6 12. e5 Ne8 13. h4 h6 14. h5 Bh7 15. g5 hxg5 16. Nxg5 Bf5 17. Nxd5 Bc5 18. Ne3 Nc7 19. Nxf5 exf5 20. h6 g6 21. h7+ Kg7 22. e6 Nf6 23. exf7 Qd7 24. Bc3 Bd4 25. Qe2 Ng4 26. Qe7 Qxe7 27. Rxe7 Bxc3 28.
bxc3 Nd5 29. Rxb7 Nxc3 30. Ne6+ Kxh7 31. Nxf8+ Rxf8 32. Bxc6 Kg7 33. Be8 Ne2+ 34. Kf1 Nf4 35. Ke1 Ne5 36. Kd2 g5 37. d4 Nc4+ 38. Kc3 Nd6 39.
Rxa7 Ne4+ 40. Kb2 Nxf2 41. a4 g4 42. a5 g3 43. Re7 Nd5 44. Re2 f4 45. a6 Ng4 46. a7 Nc7 47. d5 Na8 48. Bc6 f3 49. Re8 f2 50. Rxf8 Kxf8 51. d6 g2 52. Bxg2 Ne3 53. Bxa8 1-0

[Event "Early-Titled-Tuesday-Blitz-August-29-2023"]
[Site "Chess.com"]
[Date "2023.08.29"]
[Round "9"]
[White "Anton_Demchenko"]
[Black "ShiroglanTalibov"]
[Result "1-0"]
[WhiteElo "2936"]
[BlackElo "2817"]
[TimeControl "180+1"]
[EndTime "9:42:46 PDT"]
[Termination "Anton_Demchenko won by resignation"]

1. e4 c5 2. Nf3 d6 3. d4 cxd4 4. Nxd4 Nf6 5. Nc3 a6 6. Bd3 e5 7. Nde2 Be7 8. O-O O-O 9. Kh1 Nc6 10. a3 b5 11. h3 Rb8 12. Be3 Be6 13. Nd5 Bxd5 14. exd5 Na5 15. b4 Nc4 16. Bxc4 bxc4 17. Nc3 Nd7 18. Qe2 Rc8 19. a4 f5 20. f3 Bf6 21. Ra3 Re8 22. a5 Rb8 23. Rb1 g5 24. Qxc4 e4 25. fxe4 Rc8 26. Qxa6 Bxc3 27. Qxd6 Be5 28. Qa6 f4 29. Bg1 Rxc2 30. Qd3 Qc8 31. a6 g4 32. hxg4 Nf6 33. a7 Rc3 34. Rxc3 Qxc3 35. Qxc3 Bxc3 36. d6 Nxe4 37. d7 Ng3+ 38. Kh2 Rd8 39. Bb6 1-0

[Event "Early-Titled-Tuesday-Blitz-August-29-2023"]
[Site "Chess.com"]
[Date "2023.08.29"]
[Round "9"]
[White "Vladimir_Zakhartsov"]
[Black "Sina_Movahed"]
[Result "0-1"]
[WhiteElo "2913"]
[BlackElo "2990"]
[TimeControl "180+1"]
[EndTime "9:42:47 PDT"]
[Termination "Sina_Movahed won by resignation"]

1. e4 c5 2. Nf3 d6 3. d4 cxd4 4. Nxd4 Nf6 5. Nc3 a6 6. Be2 g6 7. g4 Bg7 8. Be3 h5 9. gxh5 Nxh5 10. Qd2 b5 11. a4 bxa4 12. Rxa4 Bd7 13. Ra1 Nc6 14.
Nd5 Nf6 15. Nxc6 Bxc6 16. Bb6 Qb8 17. Nc7+ Kf8 18. Nxa8 Nxe4 19. Qb4 Bxa8 20. Bf3 Rh4 21. Ra4 Ng5 22. Bd4 Nxf3+ 23. Kf1 Qxb4 24. Rxb4 Bxd4 25. Rb8+ Kg7 26. Rxa8 Bxb2 27. Rxa6 Bd4 28. Ra3 Rf4 29. Ke2 Ne5 30. f3 Bc5 31. Rb3 Rc4 32. Kd2 f5 33.
h4 f4 34. h5 Be3+ 35. Kd1 Rd4+ 36. Ke1 Rd2 37. h6+ Kh7 38. Rh3 Rf2 39. Rb7 Nxf3+ 40.
Kd1 Rd2+ 41. Kc1 Rh2+ 42. Kb1 Rxh3 43. Rc7 Kxh6 44. Rd7 Bd4 45. Ka2 Nd2 46. Rxe7 Rh1 47. Ka3 f3 48. Re8 f2 49. Rh8+ Bxh8 0-1

[Event "Early-Titled-Tuesday-Blitz-August-29-2023"]
[Site "Chess.com"]
[Date "2023.08.29"]
[Round "9"]
[White "BlueWizzard"]
[Black "krzyzan94"]
[Result "0-1"]
[WhiteElo "2893"]
[BlackElo "2801"]
[TimeControl "180+1"]
[EndTime "9:42:48 PDT"]
[Termination "krzyzan94 won on time"]

1. e4 c5 2. Nf3 d6 3. d4 cxd4 4. Nxd4 Nf6 5. Qd3 Nc6 6. Nc3 Bd7 7. f4 Rc8 8. Be3 a6 9. Nxc6 Bxc6 10. O-O-O Qa5 11. a3 e6 12. Be2 Be7 13. Bf3 Nd7 14.
Kb1 O-O 15. Qd2 Qc7 16. g4 b5 17. g5 a5 18. Ne2 b4 19. axb4 axb4 20. Nd4 Qa5 21.
Nxc6 Rxc6 22. Qd3 Ra8 23. Kc1 Rc3 24. Qd4 e5 25. fxe5 Nxe5 26. Rdf1 Qa1+ 27. Kd2 Qxb2 28. Bd1 Nc4+ 0-1

[Event "Early-Titled-Tuesday-Blitz-August-29-2023"]
[Site "Chess.com"]
[Date "2023.08.29"]
[Round "9"]
[White "Blackwhite017"]
[Black "Casper"]
[Result "0-1"]
[WhiteElo "2001"]
[BlackElo "2397"]
[TimeControl "180+1"]
[EndTime "9:42:48 PDT"]
[Termination "Casper won on time"]

1. e4 c5 2. Nf3 d6 3. d3 Nf6 4.
Nbd2 a5 5. g3 a4 6. Bg2 a3 7. b3 Nc6 8. Nc4 b5 9. Ne3 Bb7 10. O-O e6 11. c4 b4 12. h4 g6 13. Re1 Bg7 14. Rb1 O-O 15. Nf1 Ng4 16. N1h2 Nge5 17. Nxe5 dxe5 18. Be3 Qd6 19. Qe2 Rad8 20.
Rbd1 Nd4 21. Bxd4 Qxd4 22. Nf3 Qc3 23. Bf1 f5 24. Rc1 Qb2 25. Rc2 fxe4 26. Rxb2 exf3 27. Qc2 axb2 28. Qxb2 e4 29. Qc2 Bc3 30. Rd1 e3 31. fxe3 f2+ 32. Kh2 Bf3 33. Be2 Be5 34. Rf1 Bc6 35.
e4 Bd4 36. Bg4 Bd7 37. a4 bxa3 38. Qa2 Ra8 39. b4 cxb4 40. c5 Kh8 41. Bxe6 Bxe6 42. Qxe6 a2 43. Qe7 a1=Q 44. Rxa1 Bxa1 45. c6 f1=Q 0-1

[Event "Early-Titled-Tuesday-Blitz-August-29-2023"]
[Site "Chess.com"]
[Date "2023.08.29"]
[Round "9"]
[White "KevinGeorgeMicheal"]
[Black "tylityli"]
[Result "1/2-1/2"]
[WhiteElo "2195"]
[BlackElo "2351"]
[TimeControl "180+1"]
[EndTime "9:42:51 PDT"]
[Termination "Game drawn by agreement"]

1. e4 e5 2. Nf3 Nc6 3. Nc3 Nf6 4.
d4 exd4 5. Nd5 Be7 6. Nxd4 Nxd4 7. Qxd4 Nxd5 8. Qxd5 c6 9. Qd3 d5 10. exd5 Qxd5 11.
Qxd5 cxd5 12. Bb5+ Bd7 13. Bxd7+ Kxd7 14. Be3 Kc6 15.
Ke2 Bf6 16. c3 Rhe8 17. Kf3 b6 18. Rad1 Rad8 19. Rd3 h5 20. Rhd1 g5 21. h3 Re4 22.
g4 a6 23. gxh5 Rh4 24. Kg2 b5 25. b3 a5 26. h6 a4 27. h7 Rxh7 28. c4 bxc4 29.
bxc4 d4 30. Bxd4 Bxd4 31. Rxd4 Rxd4 32. Rxd4 Kc5 33. Rg4 f6 34. f4 Rh4 35. fxg5 Rxg4+ 36. hxg4 fxg5 37. Kf3 Kxc4 38. Ke4 Kc3 39. Kf5 Kb2 40.
Kxg5 Kxa2 41. Kh6 Kb1 42. g5 a3 43. g6 a2 44. g7 a1=Q 45. g8=Q Qa6+ 46. Qg6+ Qxg6+ 1/2-1/2

[Event "Early-Titled-Tuesday-Blitz-August-29-2023"]
[Site "Chess.com"]
[Date "2023.08.29"]
[Round "9"]
[White "Mihaiionescu1"]
[Black "valemava"]
[Result "0-1"]
[WhiteElo "2474"]
[BlackElo "2329"]
[TimeControl "180+1"]
[EndTime "9:42:51 PDT"]
[Termination "valemava won on time"]

1. Nf3 b5 2. a4 b4 3. g3 Bb7 4. Bg2 c5 5. b3 Nf6 6. Bb2 e6 7. O-O Be7 8. d3 O-O 9. Nbd2 d5 10. c3 a5 11. cxb4 axb4 12. Rc1 Nbd7 13. e3 h6 14. Qc2 Qa5 15. h4 Rfc8 16. Ne5 Nxe5 17. Bxe5 Nd7 18. Bb2 Bf6 19. Bxf6 Nxf6 20. Qb2 Ba6 21. Qb1 Rab8 22. Rfd1 Nd7 23. Nf3 Rc7 24. Bf1 Rbc8 25. Qb2 Bb7 26.
Ne5 Nf6 27. Be2 Bc6 28. Nxc6 Rxc6 29. Bf3 R6c7 30. h5 Qa7 31. Be2 Rc6 32. Bf3 Qc7 33. d4 cxd4 34. Rxc6 Qxc6 35. Qxd4 Qc2 36. Rd3 Rc3 37.
Rd1 Qxb3 38. a5 Qa4 39. Qb6 Ra3 40. Rb1 Qxa5 41. Qxb4 Qxb4 42. Rxb4 Nd7 43. Rb7 Ne5 44. Kg2 Kf8 45. Rb8+ Ke7 46. Rb7+ Kf6 47. Rb8 Ra2 48. Rb7 Nd3 49. Rc7 Rxf2+ 50. Kh3 Rxf3 51. Kg4 Rxe3 52. Rc2 Ne5+ 53. Kh3 d4 54. Rf2+ Rf3 55. Rd2 d3 56.
Rd1 Kg5 57. Rd2 f5 58. Rd1 Ng4 59. Rd2 Rf2 0-1

[Event "Early-Titled-Tuesday-Blitz-August-29-2023"]
[Site "Chess.com"]
[Date "2023.08.29"]
[Round "9"]
[White "YEIKO2017"]
[Black "RandomNoob04"]
[Result "1-0"]
[WhiteElo "2475"]
[BlackElo "2624"]
[TimeControl "180+1"]
[EndTime "9:42:52 PDT"]
[Termination "YEIKO2017 won on time"]

1. e4 e5 2. Nf3 Nf6 3. d4 Nxe4 4. Bd3 d5 5. Nxe5 Nd7 6. Nxd7 Bxd7 7. O-O Bd6 8. c4 c6 9. Nc3 Nxc3 10. bxc3 O-O 11. cxd5 cxd5 12. Qh5 f5 13. c4 dxc4 14. Bxc4+ Kh8 15.
Bg5 Qe8 16. Qh4 Qg6 17. Rfe1 Rae8 18. Bf4 Bb4 19. Re3 Rxe3 20. fxe3 Qc6 21. Be2 Bd2 22. Rd1 Qc3 23. Qe7 Re8 24. Qxd7 Bxe3+ 25. Kh1 Rg8 26. Be5 Qc2 27. Bf3 Bh6 28. Qc7 Qa4 29.
d5 Re8 30. Qf7 Bf4 31. Qxe8+ Qxe8 32. Bxf4 g5 33. Bxg5 Kg7 34. d6 Qd7 35. Bxb7 Kg6 36. Bc6 1-0

[Event "Early-Titled-Tuesday-Blitz-August-29-2023"]
[Site "Chess.com"]
[Date "2023.08.29"]
[Round "9"]
[White "attack2mateU"]
[Black "TigrVShlyape"]
[Result "1/2-1/2"]
[WhiteElo "2746"]
[BlackElo "2897"]
[TimeControl "180+1"]
[EndTime "9:42:53 PDT"]
[Termination "Game drawn by repetition"]

1. e4 c5 2. Nf3 e6 3. c3 Nf6 4. e5 Nd5 5. d4 cxd4 6. cxd4 b6 7.
Bd2 Ba6 8. Nc3 Bxf1 9. Kxf1 Nxc3 10. Bxc3 d5 11. exd6 Bxd6 12. d5 O-O 13. Qd4 e5 14. Nxe5 f6 15. Nc4 Na6 16. Rd1 Rf7 17. g3 Rd7 18.
Kg2 Bc5 19. Qg4 Kh8 20. Rhe1 Rxd5 21. Rxd5 Qxd5+ 22. Qf3 Nc7 23. Qxd5 Nxd5 24. Rd1 Nxc3 25. bxc3 Kg8 26. Rd7 b5 27. Nd6 Bxd6 28. Rxd6 Rc8 29. Ra6 Rxc3 30. Rxa7 b4 31. h4 b3 32. axb3 Rxb3 33.
Rc7 Rb5 34. Ra7 h5 35. Rc7 Kf8 36. Ra7 Kg8 37. Rc7 Kf8 38. Ra7 Kg8 1/2-1/2

[Event "Early-Titled-Tuesday-Blitz-August-29-2023"]
[Site "Chess.com"]
[Date "2023.08.29"]
[Round "9"]
[White "zurzan"]
[Black "TigranHH"]
[Result "0-1"]
[WhiteElo "2077"]
[BlackElo "2250"]
[TimeControl "180+1"]
[EndTime "9:42:53 PDT"]
[Termination "TigranHH won by resignation"]

1. d4 Nf6 2. Nc3 d5 3. Bf4 c5 4.
e3 a6 5. Nf3 Nc6 6. dxc5 Bg4 7.
Be2 e6 8. Na4 Bxc5 9. Nxc5 Qa5+ 10. c3 Qxc5 11. O-O O-O 12. h3 Bh5 13. Ne5 Bxe2 14.
Qxe2 Rfd8 15. Rfc1 Rac8 16. b4 Qb6 17. a4 Ne4 18. b5 Na5 19. c4 Nb3 20. f3 Nxc1 21.
Rxc1 Nd6 22. bxa6 bxa6 23. Kh2 f6 24. c5 Rxc5 25. Rxc5 Qxc5 26. Nd3 Qc4 27. Qb2 Qxd3 28. Qb6 Nf7 29. Bc7 Rf8 30. Qxe6 Qc3 31. Bd6 Qc6 32. Qe7 Qxd6+ 33. Qxd6 Nxd6 34. Kg3 g5 35. h4 Rb8 36. hxg5 fxg5 37. f4 Rb4 38. fxg5 Rxa4 39. Kf3 Re4 40. g4 a5 41. g6 a4 42. Ke2 a3 43. Kd3 a2 44. Kc3 a1=Q+ 45. Kb3 Rxe3+ 46. Kc2 Qa2+ 47. Kd1 Rh3 0-1

[Event "Early-Titled-Tuesday-Blitz-August-29-2023"]
[Site "Chess.com"]
[Date "2023.08.29"]
[Round "9"]
[White "wqws"]
[Black "Arseniy_Nesterov"]
[Result "0-1"]
[WhiteElo "2681"]
[BlackElo "2891"]
[TimeControl "180+1"]
[EndTime "9:42:54 PDT"]
[Termination "Arseniy_Nesterov won by resignation"]

1. e4 e5 2. Nf3 Nc6 3. Bb5 a6 4. Ba4 b5 5. Bb3 Na5 6. O-O d6 7. d4 exd4 8. Qxd4 Bb7 9. Qe3 Nxb3 10. axb3 Be7 11. Nc3 Nf6 12. Qd3 O-O 13. Rd1 b4 14.
Nd5 Nxd5 15. exd5 Bf6 16. h4 h6 17. Be3 Bxb2 18. Rab1 Bf6 19. g4 Qd7 20. Qc4 Bc3 21. g5 Qf5 22. Nh2 Rfe8 23. gxh6 Re4 24. Qxc7 Qg6+ 25. Kf1 Bc8 26. Ke2 Qh5+ 27. Kd3 Bf5 28.
Qxd6 Re6+ 0-1

[Event "Early-Titled-Tuesday-Blitz-August-29-2023"]
[Site "Chess.com"]
[Date "2023.08.29"]
[Round "9"]
[White "jaskol95"]
[Black "carokannlover213"]
[Result "1-0"]
[WhiteElo "2581"]
[BlackElo "2700"]
[TimeControl "180+1"]
[EndTime "9:42:57 PDT"]
[Termination "jaskol95 won by checkmate"]

1. e4 e6 2. d4 d5 3. e5 c5 4. c3 Nc6 5. Nf3 Bd7 6. Be2 f6 7.
exf6 Nxf6 8. O-O Bd6 9. dxc5 Bxc5 10. Nbd2 O-O 11. Nb3 Bb6 12. Bg5 Qc7 13. Bh4 a6 14.
Bg3 e5 15. c4 d4 16. Nbxd4 Nxd4 17. Nxd4 Ne4 18. Nf3 Nxg3 19. hxg3 Bc6 20. b4 e4 21. Nd4 Rad8 22. c5 Ba7 23. Qb3+ Bd5 24. Bc4 Bxc4 25. Qxc4+ Kh8 26. Ne6 Qf7 27. Rac1 Rde8 28. Nxf8 Qxf8 29. Rce1 Qf5 30. Re3 Bb8 31. Rfe1 Rf8 32. Qe2 a5 33. a3 axb4 34. axb4 h6 35. Rxe4 Kh7 36. Re8 Bc7 37. Rxf8 Qxf8 38. Qe4+ Kh8 39. Qe8 Kg8 40. Qxf8+ Kxf8 41. g4 b6 42. f3 bxc5 43. bxc5 Ba5 44. Re4 Kf7 45. Kf2 Bd8 46. Ke3 Be7 47. Kd4 Bf6+ 48.
Kd5 h5 49. gxh5 Bd8 50. Kd6 Ba5 51. c6 Be1 52. Rxe1 Kf6 53. c7 g6 54. c8=Q Kg5 55.
Qd8+ Kf4 56. Qh4+ Kf5 57. Re5# 1-0

[Event "Early-Titled-Tuesday-Blitz-August-29-2023"]
[Site "Chess.com"]
[Date "2023.08.29"]
[Round "9"]
[White "stasOR4ik"]
[Black "KorolDimitriy75"]
[Result "1-0"]
[WhiteElo "2478"]
[BlackElo "2341"]
[TimeControl "180+1"]
[EndTime "9:42:59 PDT"]
[Termination "stasOR4ik won on time"]

1. c4 c5 2. Nc3 g6 3. g3 Bg7 4. Bg2 Nc6 5. e4 d6 6. h4 h5 7. d3 e6 8. Bg5 Nge7 9. Qd2 O-O 10. Nf3 Rb8 11. a3 a6 12. Rb1 b5 13. cxb5 axb5 14. b4 Ba6 15. O-O Qd7 16. Be3 Nd4 17. Ne2 e5 18.
Nexd4 cxd4 19. Bh6 f6 20. Kh2 d5 21. Bh3 Qd6 22. Bxg7 Kxg7 23. Rfc1 dxe4 24. dxe4 Bb7 25.
Re1 Bc8 26. Bg2 Be6 27. Rbc1 Rfc8 28. Rxc8 Rxc8 29. Rc1 Bc4 30. Ne1 Ra8 31. Ra1 Nc6 32. Nd3 Bxd3 33. Qxd3 Nxb4 34. Qxb5 Nc2 35. Qb7+ Kh6 36.
Rc1 d3 37. Qxa8 g5 38. Qh8+ Kg6 39. Qg8+ Kh6 40. hxg5+ fxg5 41. Rb1 d2 42. Rb7 1-0

[Event "Early-Titled-Tuesday-Blitz-August-29-2023"]
[Site "Chess.com"]
[Date "2023.08.29"]
[Round "9"]
[White "stepanosinovsky"]
[Black "fabianvivasz"]
[Result "0-1"]
[WhiteElo "2309"]
[BlackElo "2429"]
[TimeControl "180+1"]
[EndTime "9:42:59 PDT"]
[Termination "fabianvivasz won on time"]

1. e4 c5 2. Nf3 d6 3. g3 g6 4. Bg2 Bg7 5. h4 Bg4 6. c3 Nf6 7. Qa4+ Qd7 8. Qxd7+ Nbxd7 9. d3 Ne5 10.
Nxe5 dxe5 11. f3 Be6 12. a4 O-O-O 13. Bf1 Bb3 14. Nd2 Bc2 15. Nc4 Nh5 16. Rg1 Bxd3 17.
Bxd3 Rxd3 18. g4 Nf4 19. Bxf4 exf4 20. Ke2 Rhd8 21. h5 b6 22. Rh1 h6 23. Rad1 Rxd1 24.
Rxd1 Rxd1 25. Kxd1 Kc7 26. Na3 a6 27. Ke2 Kc6 28.
Nc2 b5 29. axb5+ axb5 30. Ne1 c4 31. Ng2 g5 32. Kd2 b4 33. Ne1 Kb5 34. Nc2 bxc3+ 35. bxc3 Ka4 0-1

[Event "Early-Titled-Tuesday-Blitz-August-29-2023"]
[Site "Chess.com"]
[Date "2023.08.29"]
[Round "9"]
[White "tsaruk_maks"]
[Black "tptagain"]
[Result "0-1"]
[WhiteElo "2766"]
[BlackElo "2894"]
[TimeControl "180+1"]
[EndTime "9:43:01 PDT"]
[Termination "tptagain won by resignation"]

1. e4 c6 2. d4 d5 3. Nc3 a6 4. h3 b5 5. exd5 cxd5 6. Nf3 Bf5 7. Bd3 Bxd3 8. Qxd3 e6 9. O-O Nc6 10. a4 b4 11. Ne2 Nf6 12. Bf4 Bd6 13. Bxd6 Qxd6 14. Ng3 O-O 15. Rfe1 Qc7 16. Re2 Rfc8 17. h4 Qf4 18. h5 h6 19. Rd1 Na5 20. Re5 Nd7 21.
Re2 Nc4 22. c3 bxc3 23. bxc3 Rab8 24. Rde1 a5 25. Ne5 Ndxe5 26. dxe5 Rb3 27. Rc2 Rcb8 28.
Qd4 Qxd4 29. cxd4 Ra3 30. Nf1 Rxa4 31. Ne3 Rbb4 32. Nxc4 Rxc4 33. Rb2 Rab4 34. Ra2 a4 35. Rea1 Rxd4 36. g3 Re4 37. f4 Kh7 38. Kh2 g6 39.
hxg6+ Kxg6 40. Kh3 h5 41. Ra3 Rec4 42. Rf1 Rb3 43. Ra2 a3 44. Raf2 Kf5 0-1

[Event "Early-Titled-Tuesday-Blitz-August-29-2023"]
[Site "Chess.com"]
[Date "2023.08.29"]
[Round "9"]
[White "jasrom"]
[Black "Fh2411"]
[Result "0-1"]
[WhiteElo "2408"]
[BlackElo "2633"]
[TimeControl "180+1"]
[EndTime "9:43:01 PDT"]
[Termination "Fh2411 won on time"]

1. e4 c5 2. Nc3 Nc6 3. f4 g6 4. Nf3 Bg7 5. Bb5 Nd4 6. a4 a6 7. Bc4 d6 8. d3 Bg4 9. Bxf7+ Kf8 10. Bc4 e6 11. Be3 Bxf3 12. gxf3 Qh4+ 13. Kd2 Ne7 14. Qf1 Bh6 15. Nd1 Bxf4 16. c3 d5 17. Ba2 Ndc6 18. Qf2 Qxf2+ 19. Nxf2 Bxe3+ 20. Kxe3 d4+ 21. Kd2 e5 22. f4 Kg7 23. Nh3 Rhf8 24. Rhf1 h6 25. Rae1 Rad8 26. fxe5 g5 27. Kc2 Nxe5 28. cxd4 cxd4 29.
Rxf8 Rxf8 30. Re2 a5 31. Rf2 Rf6 32. Rxf6 Kxf6 33. Nf2 N7c6 34. Bd5 Nb4+ 35. Kb3 b6 36. Bc4 g4 37. Bb5 Kg5 38. Nd1 h5 0-1

[Event "Early-Titled-Tuesday-Blitz-August-29-2023"]
[Site "Chess.com"]
[Date "2023.08.29"]
[Round "9"]
[White "Iball95"]
[Black "zabivol_mc"]
[Result "1-0"]
[WhiteElo "2786"]
[BlackElo "2588"]
[TimeControl "180+1"]
[EndTime "9:43:02 PDT"]
[Termination "Iball95 won by checkmate"]

1. e4 e5 2. Nf3 Nc6 3. Nc3 Nf6 4. Bb5 Bb4 5. Nd5 Bc5 6. O-O O-O 7. d4 Nxd5 8. dxc5 Nf6 9. Bg5 Qe7 10. Bxc6 dxc6 11.
b4 h6 12. Bh4 Bg4 13. h3 Bh5 14. Re1 Rad8 15. Qe2 Bxf3 16. Qxf3 g5 17. Bg3 Qe6 18. Qb3 Rfe8 19. Re2 Rd4 20. c3 Rxe4 21. Rd2 Nh5 22. Bh2 g4 23. hxg4 Rxg4 24. f3 Rg5 25. Re1 Qg6 26. Qc4 Re6 27. a4 Kh7 28. b5 Nf6 29. Qd3 Nd5 30. Qxg6+ Kxg6 31. c4 Ne7 32. Rd7 Nf5 33.
Rxc7 Nd4 34. Kf2 Rh5 35. Bg3 f5 36. Bxe5 Nc2 37. Rg7# 1-0

[Event "Early-Titled-Tuesday-Blitz-August-29-2023"]
[Site "Chess.com"]
[Date "2023.08.29"]
[Round "9"]
[White "queen_iryna"]
[Black "Chessdreamer2020"]
[Result "0-1"]
[WhiteElo "2333"]
[BlackElo "2553"]
[TimeControl "180+1"]
[EndTime "9:43:02 PDT"]
[Termination "Chessdreamer2020 won by resignation"]

1. e4 d6 2. d4 Nf6 3. Nc3 c6 4. Nf3 Bg4 5. Be2 e6 6. O-O d5 7. e5 Nfd7 8. h3 Bxf3 9. Bxf3 c5 10. Nb5 a6 11. Nd6+ Bxd6 12. exd6 c4 13. b3 b5 14. a4 Nc6 15. axb5 axb5 16. Rxa8 Qxa8 17. bxc4 bxc4 18. Bxd5 exd5 19. Qg4 g6 20. Re1+ Kd8 21. Bg5+ Kc8 22. Be7 Qa5 23. Rb1 f5 24. Qe2 Nxd4 25. Qd1 Nc6 26. Ra1 Qb5 27. Rb1 Qc5 28. Qc1 Nxe7 29. Qb2 Re8 30. Qb7+ Kd8 31. dxe7+ Rxe7 32. Qa8+ Qc8 33.
Qxd5 Ke8 34. Qd6 Kf7 35. g3 Qc5 36. Qd2 Ne5 37. Qf4 Qd5 38. h4 Nf3+ 39. Kf1 Nd2+ 0-1

[Event "Early-Titled-Tuesday-Blitz-August-29-2023"]
[Site "Chess.com"]
[Date "2023.08.29"]
[Round "9"]
[White "expii"]
[Black "GM_shahin"]
[Result "0-1"]
[WhiteElo "2237"]
[BlackElo "2704"]
[TimeControl "180+1"]
[EndTime "9:43:03 PDT"]
[Termination "GM_shahin won by checkmate"]

1. e4 c6 2. d4 d5 3. f3 dxe4 4. fxe4 e5 5. Nf3 exd4 6. Bc4 Be6 7. Bxe6 fxe6 8. Qxd4 Qxd4 9. Nxd4 e5 10. Nf3 Nd7 11.
O-O Ngf6 12. Nc3 Bb4 13. Re1 Bxc3 14. bxc3 O-O 15. Bg5 Rfe8 16. Rad1 h6 17. Bxf6 Nxf6 18. Rb1 b6 19. Rbd1 Kf7 20. Rd6 Rac8 21. c4 Ke7 22. Rd3 Ke6 23. Red1 Nxe4 24. Re1 Nc5 25. Rxe5+ Kf7 26.
Rde3 Rxe5 27. Nxe5+ Kf6 28. Nf3 Rd8 29. h3 Rd1+ 30.
Kh2 g5 31. Re8 Ra1 32. Rc8 Rxa2 33. Rxc6+ Kg7 34. Rc7+ Kg6 35. Ne5+ Kf5 36. Ng4 h5 37. Ne3+ Ke4 38. Nd5 Rxc2 39. Rxa7 b5 40. Nf6+ Kf5 41. Rc7 Rxc4 42. Nd7 Ne4 43. Rb7 b4 44. Nb6 Rd4 45.
Na4 h4 46. Rb5+ Kf4 47. Nc5 Nxc5 48. Rxc5 b3 49. Rb5 Rd3 50. Rb4+ Ke3 51. Rb5 Kd2 52. Rxg5 b2 53. Rb5 Kc2 54. Rc5+ Rc3 55. Rb5 Rb3 56.
Rc5+ Kd3 57. Rd5+ Ke4 58. Rd1 b1=Q 59. Rxb1 Rxb1 60. g4 Rb2+ 61. Kh1 Kf3 62. Kg1 Kg3 63. Kf1 Kxh3 64. Ke1 Kxg4 65. Kd1 h3 66. Kc1 Rg2 67. Kb1 h2 68. Kc1 h1=Q# 0-1

[Event "Early-Titled-Tuesday-Blitz-August-29-2023"]
[Site "Chess.com"]
[Date "2023.08.29"]
[Round "9"]
[White "hitaman"]
[Black "M1711"]
[Result "1-0"]
[WhiteElo "2724"]
[BlackElo "2565"]
[TimeControl "180+1"]
[EndTime "9:43:06 PDT"]
[Termination "hitaman won by resignation"]

1. e4 e6 2. d4 d5 3. Nd2 c5 4. Ngf3 cxd4 5. Nxd4 Nc6 6. Bb5 Bd7 7. Nxc6 bxc6 8. Bd3 Bd6 9. Qe2 Qc7 10. Nf3 Ne7 11. e5 Bc5 12. O-O a5 13. Be3 Bxe3 14.
Qxe3 c5 15. c3 Rb8 16. Rab1 Ng6 17. Rfe1 Bb5 18. Bxb5+ Rxb5 19. c4 dxc4 20. Nd2 O-O 21.
Nxc4 Rfb8 22. Rbc1 Qd8 23. g3 Ne7 24. Qf3 Nf5 25.
Qf4 Nd4 26. Nd6 Rxb2 27. Qxf7+ Kh8 28. Rxc5 Qf8 29. Rd1 Nf3+ 30. Kg2 Qxf7 31. Nxf7+ Kg8 32. Kxf3 Rf8 33. Rd7 Rxf7+ 34. Rxf7 Kxf7 35. Rxa5 Kg6 36. Ra7 Rb5 37. Kf4 Rb4+ 38. Ke3 Rb5 39. f4 Rb2 40. a4 Rxh2 41. a5 Ra2 42. a6 Ra3+ 43. Kf2 Ra2+ 44. Kf3 Ra3+ 45. Kg2 h6 46. Ra8 Kh7 47. a7 Kg6 48. f5+ exf5 49. e6 Kf6 50. Rf8+ Kxe6 51. a8=Q Rxa8 52. Rxa8 1-0

[Event "Early-Titled-Tuesday-Blitz-August-29-2023"]
[Site "Chess.com"]
[Date "2023.08.29"]
[Round "9"]
[White "LeoLV10"]
[Black "Djager97"]
[Result "1-0"]
[WhiteElo "2501"]
[BlackElo "2589"]
[TimeControl "180+1"]
[EndTime "9:43:06 PDT"]
[Termination "LeoLV10 won on time"]

1. e4 e5 2. Nf3 Nc6 3. Bb5 a6 4. Ba4 Nf6 5. O-O b5 6. Bb3 Bc5 7. c3 d6 8. Re1 O-O 9. h3 Bb6 10. d4 Re8 11. a4 Bb7 12. d5 Ne7 13. Nbd2 Ng6 14. Nf1 Nh5 15. Bg5 f6 16. Be3 Bxe3 17.
fxe3 f5 18. exf5 Nh4 19. e4 Nf4 20. Nxh4 Qxh4 21. Qf3 g6 22. fxg6 hxg6 23. Qg3 Qh5 24. Bd1 Qh6 25. Bg4 Rf8 26. axb5 axb5 27. Rxa8 Rxa8 28.
Kh2 Ra2 29. Rb1 b4 30. cxb4 Ba6 31. Qb3 Bxf1 32. Rxf1 Ra8 33. g3 Nh5 34. Qf3 1-0

[Event "Early-Titled-Tuesday-Blitz-August-29-2023"]
[Site "Chess.com"]
[Date "2023.08.29"]
[Round "9"]
[White "Vanina1989"]
[Black "gueraumasague"]
[Result "1-0"]
[WhiteElo "2697"]
[BlackElo "2563"]
[TimeControl "180+1"]
[EndTime "9:43:07 PDT"]
[Termination "Vanina1989 won on time"]

1. d4 g6 2. c4 Bg7 3. Nc3 Nc6 4. Nf3 d6 5. d5 Ne5 6. Nxe5 Bxe5 7. f4 Bxc3+ 8. bxc3 Nf6 9. g3 Bf5 10. Bg2 Be4 11.
Bxe4 Nxe4 12. Qd4 Nf6 13. e4 c5 14. dxc6 bxc6 15. e5 dxe5 16. fxe5 Nh5 17. Bh6 f5 18. Ke2 Qc8 19. Rhg1 Qe6 20. Rad1 Nf6 21. Bg7 Rg8 22.
Bxf6 exf6 23. Kf2 fxe5 24. Qc5 Rc8 25. Rd6 Qe7 26. Re1 e4 27. Red1 Rf8 28. Qa5 f4 29. Rd7 fxg3+ 30. Kxg3 Rf3+ 31. Kg2 Qxd7 32. Rxd7 Kxd7 33. Qxa7+ Ke6 34. Qxh7 Rf6 35. Qh3+ 1-0

[Event "Early-Titled-Tuesday-Blitz-August-29-2023"]
[Site "Chess.com"]
[Date "2023.08.29"]
[Round "9"]
[White "GeorgiosSouleidis"]
[Black "fastestmindalive"]
[Result "0-1"]
[WhiteElo "2567"]
[BlackElo "2737"]
[TimeControl "180+1"]
[EndTime "9:43:08 PDT"]
[Termination "fastestmindalive won on time"]

1. e4 c5 2. Nf3 d6 3. Bc4 Nc6 4.
O-O g6 5. Re1 Bg7 6. c3 Nf6 7.
d4 O-O 8. d5 Ne5 9. Nxe5 dxe5 10.
a4 Ne8 11. Be3 Nd6 12. Bd3 b6 13. Nd2 f5 14. f3 e6 15. dxe6 Bxe6 16. Qe2 Bf6 17.
Rad1 Bg5 18. Bxg5 Qxg5 19. exf5 Bxf5 20. Bxf5 Rxf5 21. Ne4 Nxe4 22. Qxe4 Raf8 23. Rd3 R8f7 24. a5 bxa5 25. h3 Kg7 26. Re2 Qc1+ 27. Kh2 Qf4+ 28. Kg1 c4 29. Rd5 Qg3 30. Rf2 a4 31. Rb5 Rd7 32. Rb7 Rff7 33. Rxd7 Rxd7 34. Rf1 Rd2 0-1

[Event "Early-Titled-Tuesday-Blitz-August-29-2023"]
[Site "Chess.com"]
[Date "2023.08.29"]
[Round "9"]
[White "wannabe2700"]
[Black "koncheto"]
[Result "0-1"]
[WhiteElo "2640"]
[BlackElo "2548"]
[TimeControl "180+1"]
[EndTime "9:43:08 PDT"]
[Termination "koncheto won by checkmate"]

1. f3 e5 2. e3 d5 3. d4 Bd6 4.
Nc3 c6 5. g3 h5 6. Bh3 h4 7. g4 Ne7 8. dxe5 Bxe5 9. f4 Bxc3+ 10. bxc3 Nd7 11. c4 Nf6 12. cxd5 cxd5 13. Bb2 Ne4 14.
Bxg7 Qa5+ 15. Kf1 Rg8 16. Bd4 Bd7 17. g5 Nf5 18. c4 Nd2+ 19. Kf2 Nxc4 20. Qc2 Nxd4 21.
Bxd7+ Kxd7 22. exd4 Nd6 23. Nf3 Ne4+ 24. Kg2 Rac8 25.
Qb3 b6 26. Rac1 h3+ 27. Kxh3 Nf2+ 28. Kg3 Nxh1+ 29. Rxh1 Rc3 30. Qb1 Qa3 31. Qf5+ Ke7 32.
Qe5+ Kf8 33. Qxd5 Rg6 34. Rf1 Re6 35. Kg4 Rc2 36. f5 Rg2+ 37. Kh3 Ree2 38. g6 Rxh2+ 39. Kg4 Reg2+ 40. Kf4 Rh4+ 41. Ke5 Re2+ 42. Kf6 Qe7# 0-1